 Dungeon Crawl Stone Soup version 0.22-a0-407-gb098539 (webtiles) character file.

630 Gaball the Covert (level 7, 0/49 HPs)
             Began as a Vampire Assassin on May 9, 2018.
             Was a Follower of Dithmenos.
             Slain by a centaur
             ... wielding a +2 falchion of slicing
              (6 damage)
             ... on level 5 of the Dungeon.
             The game lasted 00:16:48 (6973 turns).

Gaball the Covert (Vampire Assassin)                Turns: 6973, Time: 00:16:48

Health: 0/49       AC:  4    Str: 10    XL:     7   Next: 24%
Magic:  7/7        EV: 12    Int: 14    God:    Dithmenos [*.....]
Gold:   202        SH:  0    Dex: 17    Spells: 6/6 levels left

rFire    . . .     SeeInvis +   t - +1 short sword (venom)
rCold    . . .     Gourm    .   (no shield)
rNeg     + . .     Faith    .   c - +0 robe
rPois    .         Spirit   .   u - +1 hat
rElec    .         Reflect  .   B - scarf {cloud immunity}
rCorr    .         Harm     .   (no gloves)
MR       .....                  n - +0 pair of boots
Stlth    ++++++....             (no amulet)
HPRegen  0.16/turn              (no ring)
MPRegen  0.10/turn              (no ring)

@: wreathed by umbra
A: fangs 3, horns 1, see invisible, mutation resistance 1, unbreathing
a: Bat Form, Renounce Religion


You were on level 5 of the Dungeon.
You worshipped Dithmenos.
Dithmenos was aware of your devotion.
You were not thirsty.

You visited 1 branch of the dungeon, and saw 6 of its levels.

You collected 202 gold pieces.

Inventory:

Hand Weapons
 a - a +2 dagger
 b - a +0 blowgun
 t - a +1 short sword of venom (weapon)
Missiles
 e - 26 poisoned needles
 f - 2 curare-tipped needles
Armour
 c - a +0 robe (worn)
 d - a +0 cloak
 n - a +0 pair of boots (worn)
 u - a +1 hat (worn)
 B - a scarf of cloud immunity (worn)
Jewellery
 r - a cursed ring of teleportation
Wands
 s - a wand of digging (10)
 z - a wand of random effects (31)
Scrolls
 h - 3 scrolls of identify
 l - a scroll of enchant armour {unknown}
 m - a scroll of fog
 o - 6 scrolls of remove curse
 x - 2 scrolls of noise {unknown}
 y - a scroll of amnesia {unknown}
 A - a scroll of fear {unknown}
Potions
 g - 5 potions of blood
 i - 2 potions of curing
 j - 2 potions of brilliance
 k - a potion of haste
 v - a potion of resistance {unknown}
 w - a potion of ambrosia {unknown}


   Skills:
 - Level 1.7 Fighting
 * Level 6.1 Short Blades
 - Level 1.5 Throwing
 + Level 1.8 Dodging
 + Level 10.5 Stealth


You had 6 spell levels left.
You didn't know any spells.

Dungeon Overview and Level Annotations

Branches:
Dungeon (6/15)             Temple (0/1) D:5

Altars:
Dithmenos
Fedhas
Makhleb
Nemelex Xobeh
Ru
Sif Muna
Zin

Annotations:
D:6 emperorscorpion's ghost, amateur MiBe


Innate Abilities, Weirdness & Mutations

You have razor-sharp teeth.
You have supernaturally acute eyesight. (SInv)
You can survive without breathing.
You have a pair of small horns on your head.
You are somewhat resistant to further mutation.


Message History

Yummy - fresh blood!
You are feeling very thirsty.
Yummy - fresh blood!
You start resting.
The centaur shouts!
The centaur hits you with a falchion of slicing!
The centaur hits you with a falchion of slicing.
* * * LOW HITPOINT WARNING * * *
You hit the centaur.
The centaur is poisoned.
The centaur is lightly wounded.
The centaur hits you with a falchion of slicing.
* * * LOW HITPOINT WARNING * * *
x2
Okay, then.
Okay, then.
It was a potion of mutation.
You feel extremely strange. A pair of horns grows on your head!
You feel genetically stable. The centaur misses you.
It was a potion of magic.
Magic courses through your body.
The centaur hits you with a falchion of slicing.
You die...

#......###.........#
##...<...'.........'
#.....####.........#
#.##.## ##.......##
#.#### ##.(...## #.#
##...## #.########
##'## #.#....>.# #.#
#.#@####.# #.#
#.c...##.# ##.##
##.......# ##...##
#..#)##.###.....###
#..#..............#
#.......#####.###.#
#.#####.# #.# #..
#.#####.# #.# ###
#.......# #.#


You could see a centaur.

Vanquished Creatures
  A crimson imp (D:5)
  2 hounds
  3 orc priests
  A bullfrog skeleton (D:5)
  An orc wizard (D:4)
  2 iguanas
  4 worker ants
  A hound skeleton (D:5)
  A worker ant zombie (D:5)
  7 adders
  A shadow imp (D:5)
  An ooze (D:1)
  5 worms
  4 dart slugs
  5 leopard geckos
  18 orcs
  7 giant cockroaches
  9 goblins
  10 hobgoblins
  7 jackals
  4 kobolds
  3 quokkas (D:2)
  2 ball pythons (D:3)
  7 bats
  2 frilled lizards
  A leopard gecko zombie (D:5)
  9 rats
118 creatures vanquished.

Notes
Turn   | Place    | Note
-------+----------+-------------------------------------------
     0 | D:1      | Gaball the Vampire Assassin began the quest for the Orb.
     0 | D:1      | Reached XP level 1. HP: 16/16 MP: 1/1
    16 | D:1      | Reached skill level 6 in Stealth
   109 | D:1      | Reached XP level 2. HP: 19/22 MP: 2/2
   355 | D:1      | Reached skill level 7 in Stealth
   484 | D:1      | Reached XP level 3. HP: 25/27 MP: 3/3
   921 | D:2      | Found a shadowy altar of Dithmenos.
   951 | D:2      | Reached skill level 8 in Stealth
   989 | D:2      | Became a worshipper of Dithmenos the Shadowed
  1009 | D:2      | Reached XP level 4. HP: 31/33 MP: 4/4
  1114 | D:2      | Found a deep blue altar of Sif Muna.
  1153 | D:2      | You fall through a shaft!
  1206 | D:2      | Found a burning altar of Makhleb.
  1712 | D:2      | Reached skill level 9 in Stealth
  1712 | D:2      | Reached XP level 5. HP: 13/38 MP: 5/5
  2617 | D:3      | Reached * piety under Dithmenos
  3144 | D:3      | Found a sparkling altar of Nemelex Xobeh.
  3146 | D:3      | Found a glowing silver altar of Zin.
  3273 | D:3      | Found a sacrificial altar of Ru.
  4393 | D:4      | Reached XP level 6. HP: 44/44 MP: 6/6
  4616 | D:4      | Reached skill level 10 in Stealth
  5382 | D:4      | Found a blossoming altar of Fedhas.
  5482 | D:5      | Entered Level 5 of the Dungeon
  5756 | D:5      | Got a transparent scale mail
  5785 | D:5      | Identified the cursed +1 scale mail "Put-Me-On" {SInv} (You found it on level 5 of the Dungeon)
  5814 | D:5      | Reached skill level 5 in Short Blades
  5947 | D:5      | Found a staircase to the Ecumenical Temple.
  6332 | D:5      | Reached XP level 7. HP: 45/49 MP: 7/7
  6519 | D:6      | Noticed emperorscorpion's ghost (amateur MiBe)
  6972 | D:5      | Gained mutation: You have a pair of small horns on your head. [potion of mutation]
  6972 | D:5      | Gained mutation: You are somewhat resistant to further mutation. [potion of mutation]
  6973 | D:5      | Slain by a centaur

Vault maps used:
D:1:      enne_arrival_octagon_isle
D:2:      lemuel_crystal_altar, grunt_dithmenos_smoke_and_mirrors,
          makhleb_heckhound_becter
D:3:      cheibrodos_helix_gallery, nicolae_ru_the_path_less_chosen,
          nicolae_overflow_hidden_temple, kennysheep_generic_room_16
D:4:      first_ration, fedhas_altar_2
D:5:      minmay_temple_entry_statues
D:6:      kennysheep_big_flooded_room, minitemple, guppyfry_early_elven_hall,
          uniq_edmund, uniq_menkaure

Skill      XL: |  1  2  3  4  5  6  7 |
---------------+----------------------+-----
Stealth        | 6 7 8 9 10 | 10.5
Short Blades   | 3 4 5 6 |  6.1
Fighting       | |  1.7
Throwing       | |  1.5
Dodging        | |  1.8

Action                   |  1- 3 |  4- 6 |  7- 9 || total
-------------------------+-------+-------+-------++-------
Melee: Dagger            |   120 |    42 |       ||   162
       Bite              |     6 |    15 |     2 ||    23
       Short sword       |       |   154 |    26 ||   180
  Use: Potion            |       |     9 |     5 ||    14
       Scroll            |       |     6 |       ||     6
 Stab: Sleeping          |    16 |    23 |     2 ||    41
       Distracted        |       |       |     1 ||     1
Armor: Robe              |    17 |    39 |     3 ||    59
Dodge: Dodged            |    70 |   118 |    13 ||   201

Table legend:
 A = Spawn XP
 B = Non-spawn XP
 C = Spawn XP percentage of total XP
 D = Spawn monster count
 E = Non-spawn monster count
 F = Spawn count percentage of total count
 G = Total turns spent on level
                    A         B        C        D         E        F      G
               +---------+---------+-------+---------+---------+-------+---------
         Total |       0 |     900 |   0.0 |       0 |     118 |   0.0 |  6973
               +---------+---------+-------+---------+---------+-------+---------
           D:1 |       0 |      55 |   0.0 |       0 |      28 |   0.0 |   817
           D:2 |       0 |     141 |   0.0 |       0 |      27 |   0.0 |  1098
           D:3 |       0 |     150 |   0.0 |       0 |      27 |   0.0 |  2722
           D:4 |       0 |     180 |   0.0 |       0 |      17 |   0.0 |   873
           D:5 |       0 |     374 |   0.0 |       0 |      19 |   0.0 |  1321
               +---------+---------+-------+---------+---------+-------+---------
